 Dungeon Crawl Stone Soup version 0.31.0-11-ge490571c62 (webtiles) character file.

Game seed: 13400512065988241876

1029 qw the Skirmisher (level 8, -6/48 HPs)
             Began as a Deep Elf Hunter on Feb 3, 2024.
             Mangled by an ogre
             ... wielding a +0 giant club
              (30 damage)
             ... on level 5 of the Dungeon.
             The game lasted 00:01:12 (3063 turns).

qw the Skirmisher (Deep Elf Hunter)                 Turns: 3063, Time: 00:01:13

Health: -6/48      AC:  9    Str: 10    XL:     8   Next: 3%
Magic:  10/10      EV: 12    Int: 18    God:
Gold:   269        SH:  0    Dex: 21    Spells: 7/7 levels left

rFire   . . .        e - +4 orcbow of Theory {drain, rPois Will++ Dex+3}
rCold   . . .        (shield currently unavailable)
rNeg    . . .        b - +0 ring mail
rPois   +            (no helmet)
rElec   +            (no cloak)
rCorr   .            j - +1 pair of gloves
SInv    .            f - +1 pair of boots {rampage}
Will    ++...        d - amulet "Ucoilil" {Faith +Blink rElec Will- Int+3}
Stlth   +            i - ring of willpower
HPRegen 0.28/turn    (no ring)
MPRegen 0.12/turn

%: rampage, faith
@: no status effects
A: no striking features
a: Evoke Blink


You were on level 5 of the Dungeon.
You visited 2 branches of the dungeon, and saw 8 of its levels.

You collected 269 gold pieces.


   Skills:
 - Level 4.0 Fighting
 - Level 11.2 Ranged Weapons
 - Level 1.0 Armour
 + Level 3.6 Dodging
 - Level 1.2 Stealth


You had 7 spell levels left.
You didn't know any spells.
Your spell library was empty.

Inventory:

Hand Weapons
 c - a +2 longbow of flaming
 e - the +4 orcbow of Theory (weapon) {drain, rPois Will++ Dex+3}
   (You acquired it on level 5 of the Dungeon)

   Dex+3:     It affects your dexterity (+3).
   rPois:     It protects you from poison Will++: It greatly increases your
   willpower.
Armour
 b - a +0 ring mail (worn)
 f - a +1 pair of boots of rampaging (worn)
 j - a +1 pair of gloves (worn)
Jewellery
 a - a ring of poison resistance
 d - the amulet "Ucoilil" (around neck) {Faith +Blink rElec Will- Int+3}
   (You acquired it on level 1 of the Dungeon)

   [amulet of faith]

   Faith:     It allows you to gain divine favour quickly.
   Int+3:     It affects your intelligence (+3).
   rElec:     It insulates you from electricity.
   Will-:     It decreases your willpower.
   +Blink:    It lets you blink.
 i - a ring of willpower (left hand)
Wands
 h - a wand of quicksilver (14)
Potions
 g - a potion of might
 k - a potion of curing

Dungeon Overview and Level Annotations

Branches:
Dungeon (7/15)             Temple (1/1) D:6

Altars:
Ashenzari
Cheibriados
Dithmenos
Elyvilon
Fedhas
Gozag
Hepliaklqana
Kikubaaqudgha
Makhleb
Qazlal
Ru
Trog
Uskayaw
Vehumet
Wu Jian

Shops:
D:1 !   D:3 :


Message History

The hound barks!
An ogre comes into view. It is wielding a +0 giant club.
You shoot an arrow. The arrow hits the orc!!
You kill the orc!
You shoot an arrow. The arrow barely misses the orc.
You shoot an arrow. The arrow hits the orc!
You kill the orc!
You shoot an arrow.
The arrow hits the orc but does no damage.
You drain the orc.
The orc is severely wounded.
The orc hits you with a +0 hand axe. The orc barely misses you.
You shoot an arrow.
The arrow hits the orc but does no damage.
You drain the orc.
You kill the orc!
The orc closely misses you.
You shoot an arrow. The arrow closely misses the orc.
The orc barely misses you.
You shoot an arrow. The arrow hits the orc!!
You kill the orc!
You shoot an arrow. The arrow hits the hound.
The hound is moderately wounded.
The hound bites you but does no damage. The hound bites you.
You shoot an arrow. The arrow barely misses the hound.
The hound bites you but does no damage. The hound barely misses you.
You shoot an arrow. The arrow hits the hound!
You drain the hound.
The hound is almost dead.
The hound bites you but does no damage.
You shoot an arrow. The arrow hits the hound.
You kill the hound!
You have reached level 8!
You feel clever.
You shoot an arrow. The arrow hits the ogre!!
The ogre is severely wounded.
The ogre hits you with a +0 giant club!!
You shoot an arrow. The arrow hits the ogre.
The ogre is almost dead.
The ogre hits you with a +0 giant club!!
Ouch! That really hurt!
You die...

#........#...# ###
.+####'.#.#.# ..
#....#.#.#.### ..
#.##.#.#.#...# .
#.##.#.#.#...#.#
#....#.#.....#.#
.+####'.#....)..# .#.
#........#.....#...._....
+########@.....# #.....#
......O).....## ...0 ##
...).#####....####.###..
.... #.............. ...
#...#?......... ..
#####.......... .
##......... #.........
#.........


You could see an ogre.

Vanquished Creatures
  Grinder (D:4)
  2 ogres
  A phantom (D:4)
  Blork the orc (D:6)
  A scorpion (D:3)
  An electric eel (D:6)
  A bombardier beetle (D:5)
  5 hounds
  A sleepcap (D:5)
  An iguana (D:4)
  4 adders
  A white imp (D:3)
  2 ufetubi (D:6)
  2 dart slugs
  2 ribbon worms
  14 orcs
  6 endoplasms
  2 giant cockroaches (D:3)
  9 goblins
  9 hobgoblins
  7 jackals (D:4)
  8 quokkas
  5 ball pythons
  5 bats
  6 frilled lizards
  5 kobolds
  2 rats
104 creatures vanquished.

Notes
Turn   | Place    | Note
-------+----------+-------------------------------------------
     0 | D:1      | qw the Deep Elf Hunter began the quest for the Orb.
     0 | D:1      | Reached XP level 1. HP: 12/12 MP: 3/3
     0 | D:1      | 0 ||| qw: Version: 0.3-a-155-g5e7d8dd
     0 | D:1      | 0 ||| qw: Game counter: 3463
     0 | D:1      | 0 ||| qw: Melee chars always use a shield: true
     0 | D:1      | 0 ||| qw: God list: Okawaru
     0 | D:1      | 0 ||| qw: Allow faded altars: false
     0 | D:1      | 0 ||| qw: Do Orc after clearing Dungeon:15 true
     0 | D:1      | 0 ||| qw: Do second Lair branch before Depths: true
     0 | D:1      | 0 ||| qw: Lair rune preference: random
     0 | D:1      | 0 ||| qw: Goals: Normal
     0 | D:1      | 0 ||| PLANNING D:1-11
     6 | D:1      | Noticed an iguana
     6 | D:1      | Noticed a black mamba
     6 | D:1      | Noticed a boulder beetle
     7 | D:1      | Noticed a polar bear
     7 | D:1      | Noticed a lindwurm
   160 | D:1      | Reached XP level 2. HP: 16/16 MP: 4/4
   172 | D:1      | Found Teethr Luraz's Distillery.
   175 | D:1      | 175 ||| SHOPLISTING potion of cancellation (112 gold, have
                  | 10).
   175 | D:1      | 175 ||| SHOPLISTING potion of curing (42 gold, have 10).
   175 | D:1      | 175 ||| SHOPLISTING potion of haste (140 gold, have 10).
   175 | D:1      | 175 ||| SHOPLISTING potion of might (56 gold, have 10).
   193 | D:1      | Reached skill level 6 in Ranged Weapons
   501 | D:1      | 501 ||| UPGRADING to +1 pair of boots of rampaging.
   506 | D:1      | 506 ||| UPGRADING to ring of willpower.
   507 | D:1      | 507 ||| READING scroll labelled ZOSEOXY CUSHRIU.
   507 | D:1      | 507 ||| IDENTIFYING sapphire potion
   508 | D:1      | 508 ||| READING 2 scrolls labelled VEDIRO FEUKHLI.
   508 | D:1      | Identified 2 scrolls of acquirement
   508 | D:1      | 508 ||| ACQUIRING amulet "Ucoilil" {Faith +Blink rElec
                  | Will- Int+3}
   508 | D:1      | Acquired the amulet "Ucoilil" {Faith +Blink rElec Will-
                  | Int+3}
   510 | D:1      | 510 ||| UPGRADING to amulet "Ucoilil" {Faith +Blink rElec
                  | Will- Int+3}.
   515 | D:1      | 515 ||| READING scroll of acquirement.
   515 | D:1      | 515 ||| ACQUIRING +1 orcbow of freezing
   515 | D:1      | Acquired a +1 orcbow of freezing
   517 | D:1      | 517 ||| SWAPPING to +1 orcbow of freezing.
   518 | D:1      | 518 ||| DROPPING +0 shortbow.
   519 | D:1      | 519 ||| READING scroll labelled TIN ZIELEUTSEAN.
   519 | D:1      | 519 ||| ENCHANTING +1 orcbow of freezing.
   520 | D:1      | 520 ||| DROPPING scroll of butterflies.
   702 | D:2      | Reached XP level 3. HP: 20/20 MP: 5/5
  1074 | D:2      | Reached skill level 7 in Ranged Weapons
  1202 | D:2      | 1202 ||| UPGRADING to +0 pair of gloves.
  1207 | D:2      | 1207 ||| READING 3 scrolls of identify.
  1207 | D:2      | 1207 ||| IDENTIFYING blue potion
  1208 | D:2      | 1208 ||| READING 2 scrolls of identify.
  1208 | D:2      | 1208 ||| IDENTIFYING 2 glowing coppery potions
  1209 | D:2      | 1209 ||| READING scroll of identify.
  1209 | D:2      | 1209 ||| IDENTIFYING scroll labelled BAITIG BOANN
  1210 | D:2      | 1210 ||| READING scroll of enchant armour.
  1210 | D:2      | 1210 ||| ENCHANTING +0 pair of gloves.
  1211 | D:2      | 1211 ||| READING scroll labelled JAMUYV IHOJE.
  1212 | D:2      | 1212 ||| READING scroll labelled DISSAS DOR UCZEX.
  1213 | D:2      | 1213 ||| DROPPING 2 potions of lignification.
  1309 | D:3      | Reached XP level 4. HP: 25/25 MP: 6/6
  1329 | D:3      | Found a faded altar of an unknown god.
  1437 | D:3      | Found Ytaake's Book Boutique.
  1692 | D:3      | Noticed an ogre
  1693 | D:3      | 1693 ||| DRINKING potion of haste.
  1695 | D:3      | Noticed a scorpion
  1700 | D:3      | Killed an ogre
  1701 | D:3      | Reached skill level 8 in Ranged Weapons
  1701 | D:3      | Reached XP level 5. HP: 29/29 MP: 7/7
  1705 | D:3      | Reached skill level 9 in Ranged Weapons
  1905 | D:3      | Identified the +4 sling of Enloriuz {freeze, Str+3 SInv}
  1999 | D:3      | 1999 ||| UPGRADING to +0 scale mail.
  2009 | D:3      | 2009 ||| DROPPING +0 leather armour.
  2010 | D:3      | 2010 ||| DROPPING ring of flight.
  2011 | D:3      | 2011 ||| READING 2 scrolls of identify.
  2011 | D:3      | 2011 ||| IDENTIFYING white potion
  2012 | D:3      | 2012 ||| READING scroll of identify.
  2012 | D:3      | 2012 ||| IDENTIFYING purple potion
  2013 | D:3      | 2013 ||| READING scroll labelled UVVIOXZ VUWON.
  2014 | D:3      | 2014 ||| DROPPING potion of degeneration.
  2121 | D:4      | Found a radiant altar of Vehumet.
  2139 | D:4      | Reached skill level 1 in Armour
  2139 | D:4      | Reached XP level 6. HP: 34/34 MP: 8/8
  2167 | D:4      | Noticed Grinder
  2168 | D:4      | 2168 ||| ZAPPING wand of quicksilver (5) at 1,-7 (Grinder;
                  | floor).
  2169 | D:4      | 2169 ||| ZAPPING wand of quicksilver (4) at 1,-6 (Grinder;
                  | floor).
  2173 | D:4      | 2173 ||| ZAPPING wand of quicksilver (3) at 1,-5 (Grinder;
                  | floor).
  2174 | D:4      | 2174 ||| ZAPPING wand of quicksilver (2) at 1,-4 (Grinder;
                  | floor).
  2174 | D:4      | Killed Grinder
  2175 | D:4      | Reached XP level 7. HP: 43/43 MP: 9/9
  2338 | D:4      | Reached skill level 10 in Ranged Weapons
  2411 | D:4      | You fall into a shaft and drop 3 floors!
  2422 | D:7      | 2422 ||| UPGRADING to +0 ring mail.
  2432 | D:7      | 2432 ||| DROPPING +0 scale mail.
  2489 | D:6      | Found a staircase to the Ecumenical Temple.
  2490 | D:6      | 2490 ||| PLANNING TEMPLE
  2517 | D:6      | Reached skill level 3 in Dodging
  2525 | D:6      | 2525 ||| READING scroll of identify.
  2525 | D:6      | 2525 ||| IDENTIFYING ruby potion
  2526 | D:6      | 2526 ||| DROPPING potion of invisibility.
  2542 | Temple   | Entered the Ecumenical Temple
  2543 | Temple   | 2543 ||| PLANNING D:1-11
  2561 | D:6      | Noticed Blork the orc
  2567 | D:6      | Killed Blork the orc
  2591 | D:5      | Entered Level 5 of the Dungeon
  2593 | D:5      | Reached skill level 11 in Ranged Weapons
  2857 | D:4      | 2857 ||| READING scroll labelled TAIPPE SAGOEM.
  2930 | D:4      | 2930 ||| DRINKING 2 emerald potions.
  2931 | D:4      | 2931 ||| DROPPING potion of brilliance.
  3004 | D:5      | Found a stormy altar of Qazlal.
  3006 | D:5      | 3006 ||| READING 3 scrolls of acquirement.
  3006 | D:5      | 3006 ||| ACQUIRING +2 longbow of flaming
  3006 | D:5      | Acquired a +2 longbow of flaming
  3008 | D:5      | 3008 ||| SWAPPING to +2 longbow of flaming.
  3009 | D:5      | 3009 ||| DROPPING +2 orcbow of freezing.
  3010 | D:5      | 3010 ||| READING 2 scrolls of acquirement.
  3010 | D:5      | 3010 ||| ACQUIRING +4 orcbow of Theory {drain, rPois Will++
                  | Dex+3}
  3010 | D:5      | Acquired the +4 orcbow of Theory {drain, rPois Will++
                  | Dex+3}
  3011 | D:5      | 3011 ||| READING scroll of acquirement.
  3011 | D:5      | 3011 ||| ACQUIRING ring of poison resistance
  3011 | D:5      | Acquired a ring of poison resistance
  3013 | D:5      | 3013 ||| SWAPPING to +4 orcbow of Theory {drain, rPois
                  | Will++ Dex+3}.
  3062 | D:5      | Reached XP level 8. HP: 46/48 MP: 10/10
  3063 | D:5      | Mangled by an ogre

Levels and vault maps discovered:
D:1:      onia_arrival_zoo_common, layout_basic, serial_shops,
          nicolae_shop_real_fake_doors, serial_park_tiny_pond
D:2:      layout_loops_ring, serial_park_tiny_pond
D:3:      kb_forest_paths, layout_loops_ring,
          dreamdust_ecumenical_altar_statues, serial_shops,
          nicolae_shop_tiny_statue_garden
D:4:      layout_basic, mainiacjoe_overflow_small_starburst, uniq_grinder
D:5:      layout_basic, grunt_qazlal_clouds, gammafunk_temple_overflow_statue,
          ebering_ghost_sewer_d, minivault_11
D:6:      cheibrodos_helix_gallery, layout_basic, minmay_temple_entry_slanted,
          kennysheep_generic_room_6, uniq_blork_the_orc
D:7:      layout_basic, serial_shops, shop, corexii_checkpoint
Temple:   nicolae_temple_god_jail

Skill      XL: |  1  2  3  4  5  6  7 |
---------------+----------------------+-----
Ranged Weapons | 6 7 8 9 11 | 11.2
Armour         | 1 |  1.0
Fighting       | 4 |  4.0
Dodging        | 3 |  3.6
Stealth        | |  1.2

Action                     |  1- 3 |  4- 6 |  7- 9 || total
---------------------------+-------+-------+-------++-------
   Fire: Shortbow          |    27 |       |       ||    27
         Orcbow            |    56 |    67 |    79 ||   202
  Evoke: Wand              |       |     4 |       ||     4
    Use: Scroll            |    10 |     3 |     5 ||    18
         Potion            |       |     1 |     1 ||     2
 Armour: Leather armour    |     7 |     2 |       ||     9
         Scale mail        |       |     6 |    11 ||    17
         Ring mail         |       |       |    15 ||    15
  Dodge: Dodged            |    12 |     7 |    18 ||    37

Table legend:
 A = Non-vault XP
 B = Vault XP
 C = Vault XP percentage of total XP
 D = Non-vault monster count
 E = Vault monster count
 F = Vault count percentage of total count
                 A         B        C        D         E       F
            +---------+---------+-------+---------+---------+-------
      Total |     934 |     536 |  36.5 |      94 |      10 |   9.6
            +---------+---------+-------+---------+---------+-------
        D:1 |      19 |       0 |   0.0 |      12 |       0 |   0.0
        D:2 |      54 |       0 |   0.0 |      19 |       0 |   0.0
        D:3 |     164 |      99 |  37.6 |      21 |       6 |  22.2
        D:4 |     388 |     300 |  43.6 |      27 |       1 |   3.6
        D:5 |     193 |       0 |   0.0 |      11 |       0 |   0.0
        D:6 |     116 |     137 |  54.2 |       4 |       3 |  42.9
            +---------+---------+-------+---------+---------+-------
